AoeStats
← Altruistic-Dog7979

African Clearing

510930261Analyzed
4v4 RM · 19h ago on Oct 3, 2026· 55m 18s· 8 players
Game mode
Random Map
Map size
Large (8 player)
Population
200
Speed
Normal
Resources
Standard
Victory
Conquest
Starting age
Dark Age
Ending age
Imperial Age
RankedLock teamsTeams togetherTeam positionsShared explorationLock speedFull tech treeHidden civsTurbo modeCheats
Victory
Defeat
🇲🇽 Goths · Mexico
904
+15
🇺🇸 Huns · United States
892
+16
🇺🇸 Bohemians · United States
886
+16
🇺🇦 Tatars · Ukraine
873
+17
🇨🇴 Magyars · Colombia
978
-58
🇪🇨 Bulgarians · Ecuador
938
-18
🇨🇴 Saxons · Colombia
885
-16
🇨🇱 Burgundians · Chile
743
-10
iparion
3:08 Loom
14:26 Feudal Age
18:29 Double-Bit Axe
23:29 Scale Mail Armor
23:42 Forging
27:48 Castle Age
27:08 Bloodlines
29:35 Pikeman
30:53 Iron Casting
33:14 Squires
36:23 Anarchy
37:31 Wheelbarrow
37:04 Gold Mining
37:36 Chain Mail Armor
39:09 Light Cavalry
40:04 Horse Collar
43:23 Hand Cart
43:36 Bow Saw
43:32 Heavy Plow
47:29 Imperial Age
44:53 Town Watch
45:54 Stone Mining
46:14 Scale Barding Armor
50:44 Perfusion
50:05 Elite Huskarl
51:40 Chain Barding Armor
52:21 Blast Furnace
52:10 Stone Shaft Mining
53:05 Halberdier
55:15 Crop Rotation
FlorgeJoyd
10:19 Loom
14:34 Feudal Age
16:16 Double-Bit Axe
16:14 Horse Collar
18:36 Forging
18:33 Scale Barding Armor
23:35 Wheelbarrow
27:13 Castle Age
26:57 Bloodlines
26:46 Gold Mining
28:03 Husbandry
28:21 Bow Saw
28:13 Heavy Plow
30:52 Fletching
30:58 Stone Mining
33:28 Iron Casting
33:19 Chain Barding Armor
35:07 Hand Cart
36:42 Bodkin Arrow
36:59 Marauders
46:12 Imperial Age
46:12 Cavalier
48:40 Blast Furnace
47:50 Paladin
49:07 Bracer
49:45 Plate Barding Armor
53:05 Elite Tarkan
keager241
4:41 Loom
13:54 Feudal Age
14:04 Man-at-Arms
26:52 Castle Age
24:56 Double-Bit Axe
25:01 Horse Collar
28:17 Town Watch
30:25 Murder Holes
50:09 Bow Saw
51:36 Crossbowman
55:00 Heavy Plow
1mmr
8:07 Loom
17:44 Feudal Age
18:39 Double-Bit Axe
19:43 Wheelbarrow
19:37 Gold Mining
20:42 Stone Mining
23:55 Castle Age
25:20 Bow Saw
27:42 Pikeman
28:23 Squires
28:42 Fletching
30:17 Hand Cart
30:16 Bodkin Arrow
30:44 Ballistics
34:49 Silk Armor
37:55 Murder Holes
38:11 Masonry
40:44 Imperial Age
39:22 Padded Archer Armor
39:33 Forging
40:38 Bloodlines
40:28 Husbandry
41:22 Leather Archer Armor
41:51 Conscription
42:11 Bracer
44:57 Ring Archer Armor
45:44 Chemistry
47:18 Timurid Siegecraft
47:56 Scale Barding Armor
50:11 Heavy Cavalry Archer
51:15 Chain Barding Armor
51:31 Iron Casting
53:05 Plate Barding Armor
52:04 Elite Keshik
55:00 Blast Furnace
Oni.Huevitos
7:57 Loom
19:15 Feudal Age
24:58 Castle Age
25:35 Fletching
25:55 Scale Mail Armor
29:40 Bodkin Arrow
37:53 Wheelbarrow
38:29 Town Watch
38:45 Horse Collar
38:54 Double-Bit Axe
42:48 Hand Cart
43:16 Murder Holes
49:01 Masonry
Marcitasarai
4:38 Loom
19:08 Feudal Age
19:02 Wheelbarrow
29:08 Hand Cart
32:46 Castle Age
32:56 Cavalier
39:28 Gold Mining
39:28 Double-Bit Axe
39:37 Stone Mining
39:31 Horse Collar
43:16 Forging
43:12 Scale Barding Armor
44:08 Pikeman
49:39 Squires
51:49 Scale Mail Armor
52:25 Iron Casting
54:01 Man-at-Arms
Altruistic-Dog7979
15:21 Feudal Age
18:31 Man-at-Arms
24:59 Castle Age
25:17 Pikeman
34:07 Corvinian Army
38:02 Scale Barding Armor
44:04 Imperial Age
41:57 Chain Barding Armor
45:21 Wheelbarrow
44:33 Loom
44:38 Double-Bit Axe
44:40 Horse Collar
45:29 Conscription
47:25 Plate Barding Armor
54:27 Elite Magyar Huszar
∞|JasperJordan
16:03 Feudal Age
16:42 Man-at-Arms
17:45 Scale Mail Armor
17:48 Loom
24:23 Castle Age
22:30 Arson
25:58 Fishing Lines
27:42 Wheelbarrow
30:03 Gillnets
31:47 Gold Mining
32:13 Double-Bit Axe
32:27 Town Watch
33:38 Horse Collar
34:47 Bow Saw
35:31 Forging
36:24 Stone Mining
37:05 Hand Cart
36:40 Gambesons
36:56 Squires
39:13 Iron Casting
45:50 Imperial Age
43:29 Clerical Recruitment
46:23 Fletching
46:47 Bodkin Arrow
46:52 Pikeman
49:26 Conscription
50:06 Shield Wall
53:16 Elite Skirmisher
Connection lost

Rejoining the realm…

Still unreachable

The connection could not be restored.

Session expired

The server has moved on; the page needs a fresh start.